 Dungeon Crawl Stone Soup version 0.17.0-1-g61d176b (webtiles) character file.

33748 HungrySpirit the Severer (level 13, -9/116 HPs)
             Began as a Minotaur Fighter on Nov 7, 2015.
             Was a High Priest of Okawaru.
             Mangled by a spatial maelstrom (13 damage)
             ... on level 3 of the Abyss.
             The game lasted 00:43:40 (15847 turns).

HungrySpirit the Severer (Minotaur Fighter)        Turns: 15847, Time: 00:43:40

Health: -9/116     AC: 21    Str: 30    XL:     13   Next: 38%
Magic:  12/12      EV: 16    Int:  9    God:    Okawaru [*****.]
Gold:   321        SH:  0    Dex: 12    Spells: 0 memorised, 12 levels left

rFire  . . .     SeeInvis .     S - +9 war axe "Goblinbane" {freeze, rC+ Str+3}
rCold  + + .     Clarity  .     I - +0 plate armour
rNeg   . . .     SustAt   .     (no shield)
rPois  +         Gourm    .     M - +1 hat
rElec  +         Spirit   .     P - +2 cloak of Starlight {rElec rC+ EV+4 Stlth--}
rCorr  .         Warding  .     (no gloves)
rMut   .         Stasis   .     K - +0 pair of boots
MR     .....                    z - amulet of faith
Stlth  ..........               H - +4 ring of intelligence
                                a - ring "Nagoxtut" {rPois Dex+3}

@: about to teleport, not resistant to hostile enchantments, extremely
unstealthy
A: retaliatory headbutt, horns 2
a: Heroism, Finesse, Renounce Religion


You were on level 3 of the Abyss.
You worshipped Okawaru.
Okawaru was extremely pleased with you.
You were full.

You visited 3 branches of the dungeon, and saw 18 of its levels.
You visited the Abyss 1 time.
You also visited: Trove and Ossuary.

You collected 1956 gold pieces.
You spent 1635 gold pieces at shops.

Inventory:

Hand Weapons
 S - the +9 war axe "Goblinbane" (weapon) {freeze, rC+ Str+3}
   (You bought it in a shop on level 10 of the Dungeon)

   It has been specially enchanted to freeze those struck by it, causing extra
   injury to most foes and up to half again as much damage against particularly
   susceptible opponents.
   It can also slow down cold-blooded creatures.
   It affects your strength (+3).
   It protects you from cold.
 W - the +6 executioner's axe of Courage {freeze, +Inv rElec Int+4 Stlth+}
   (Okawaru gifted it to you on level 3 of the Lair of Beasts)

   It has been specially enchanted to freeze those struck by it, causing extra
   injury to most foes and up to half again as much damage against particularly
   susceptible opponents.
   It can also slow down cold-blooded creatures.
   It affects your intelligence (+4).
   It insulates you from electricity.
   It lets you turn invisible.
   It makes you more stealthy.
Armour
 I - a +0 plate armour (worn)
 K - a +0 pair of boots (worn)
 M - a +1 hat (worn)
 P - the +2 cloak of Starlight (worn) {rElec rC+ EV+4 Stlth--}
   (You bought it in a shop on level 10 of the Dungeon)

   It affects your evasion (+4).
   It protects you from cold.
   It insulates you from electricity.
   It makes you much less stealthy.
Jewellery
 a - the ring "Nagoxtut" (left hand) {rPois Dex+3}
   (You bought it in a shop on level 10 of the Dungeon)

   [ring of poison resistance]

   It affects your dexterity (+3).
   It protects you from poison.
 p - an uncursed ring of fire
 z - an amulet of faith (around neck)
 E - an uncursed ring of magical power
 H - a +4 ring of intelligence (right hand)
 O - an uncursed amulet of resist mutation {unknown}
 Q - an uncursed ring of ice
Wands
 b - a wand of random effects (36)
 d - a wand of draining (0)
 i - a wand of disintegration (5)
 k - a wand of paralysis (10)
 m - a wand of polymorph (20)
 o - a wand of confusion (25)
 u - a wand of flame (16)
 x - a wand of digging (13)
 B - a wand of cold (1)
 C - a wand of teleportation (6)
 N - a wand of digging (9)
 T - a wand of lightning (3)
Scrolls
 j - a scroll of identify
 l - 2 scrolls of blinking
 n - 2 scrolls of noise
 s - 3 scrolls of magic mapping
 t - 2 scrolls of fog
 v - 3 scrolls of teleportation
 y - 2 scrolls of amnesia
 G - 2 scrolls of enchant armour
 X - a scroll of enchant weapon {unknown}
Potions
 c - a potion of cure mutation {unknown}
 f - 7 potions of curing
 h - 3 potions of brilliance
 q - 2 potions of agility
 r - 3 potions of invisibility
 w - 2 potions of flight
 D - 3 potions of magic
 F - a potion of heal wounds
 J - 2 potions of mutation
 L - a potion of cancellation
 V - 2 potions of haste
Miscellaneous
 A - a legendary deck of changes
Comestibles
 e - 11 bread rations
 g - 12 meat rations
 R - 13 fruits
 U - a beef jerky


   Skills:
 + Level 11.6 Fighting
 * Level 18.5 Axes
 + Level 11.5 Armour
 + Level 10.3 Dodging
   Level 3.6 Shields


You had 12 spell levels left.
You didn't know any spells.

Dungeon Overview and Level Annotations

Branches:
Dungeon (13/15)            Temple (1/1) D:7            Lair (4/8) D:10
    Orc (0/4) D:11
  Swamp: Lair:3-6    Shoals: Lair:3-6     Snake: Lair:3-6    Spider: Lair:3-6
 Vaults: D:13-14

Altars:
Ashenzari
Cheibriados
Dithmenos
Elyvilon
Fedhas
Kikubaaqudgha
Nemelex Xobeh
Okawaru
Qazlal
Ru
Sif Muna
Trog
Yredelemnul
Zin
The Shining One

Shops:
D:8 [   D:10 [[=*

Annotations:
Lair:4 Sonja


Innate Abilities, Weirdness & Mutations

You reflexively headbutt those who attack you in melee.
You have a pair of horns on your head.


Message History

2 spatial vortices come into view.
A spatial vortex comes into view.
The spatial maelstrom closely misses you.
You furiously retaliate!
You headbutt the spatial maelstrom, but do no damage.
The spatial maelstrom hits you! Space warps horribly around you!
* * * LOW HITPOINT WARNING * * *
A spatial vortex comes into view.
Read which item? (? for menu, Esc to quit)
As you read the scroll of teleportation, it crumbles to dust.
You feel strangely unstable.
You feel the power of the Abyss delaying your translocation!
The spatial maelstrom hits you!
* * * LOW HITPOINT WARNING * * *
Space bends around you.
* * * LOW HITPOINT WARNING * * *
The spatial maelstrom hits you.
* * * LOW HITPOINT WARNING * * *
Space warps horribly around you!
You die...

.# #. # §##. .. ...
... . §.####.§ ..
.....# ..
###v.#.#.#.
#.###.#@......# ..
#.##.v...##.# #..#
#.v#..#..# #
G...#.v##...#.#.
#.##..#.v.#v##...%#
.##.#.#(.##....#.#
#.#. ..#.v.#..#.. .
. #..v.#v#v#.#.#..
#... ...#.##v
#.#.....


You could see a spatial maelstrom and 8 spatial vortices.

Vanquished Creatures
  Gastronok (Lair:2)
  Maud (D:13)
  Snorg (D:10)
  A hydra (Lair:4)
  Nergalle (Lair:2)
  An unseen horror (D:12)
  Pikel (D:5)
  A hill giant (D:12)
  2 wolf spiders (Lair:3)
  An ugly thing (D:12)
  Maurice (D:8)
  21 elephants (Lair:1)
  Joseph (D:8)
  6 spiny frogs
  2 gargoyles
  5 komodo dragons
  A troll (D:11)
  Grinder (D:6)
  4 blink frogs (Lair:3)
  A wyvern (D:10)
  A basilisk (Lair:3)
  A spriggan (D:7)
  24 yaks
  6 hippogriffs
  2 hungry ghosts
  A shadow (D:11)
  2 wraiths (Ossuary)
  A mottled dragon (D:11)
  11 water moccasins
  2 vampire mosquitoes (D:12)
  A porcupine (Lair:1)
  8 wolves
  4 phantoms
  4 slaves (D:5)
  2 ogres
  2 wasps
  An ice beast (D:12)
  2 black bears
  An eye of draining (D:9)
  2 orc warriors (D:6)
  6 centaurs
  6 crocodiles
  A big kobold (D:11)
  A wyvern zombie (D:9)
  8 giant frogs
  A wyvern skeleton (D:10)
  3 scorpions
  8 killer bees
  3 troll zombies (D:11)
  11 wights
  3 giant frog zombies
  3 crimson imps
  2 hounds
  A gnoll shaman (D:6)
  2 jellies (D:9)
  2 giant frog skeletons
  5 orc priests
  Ijyb (D:3)
  6 worker ants
  2 centaur skeletons
  5 orc wizards
  Jessica (D:3)
  Natasha (D:4)
  6 iguanas
  A killer bee zombie (D:9)
  4 ogre zombies (D:11)
  A hound zombie (D:9)
  34 river rats
  17 adders
  4 shadow imps
  15 gnolls
  An ufetubus (Abyss:2)
  An ooze (D:2)
  An adder skeleton (D:8)
  3 adder zombies
  3 worms
  6 giant geckos
  33 orcs
  3 ball pythons
  5 giant cockroaches
  10 hobgoblins
  9 jackals
  6 quokkas
  A ball python skeleton (Ossuary)
  9 bats
  A giant gecko skeleton (D:9)
  3 giant newts
  20 goblins
  A goblin skeleton (D:11)
  A goblin zombie (D:11)
  2 hobgoblin skeletons (D:11)
  3 hobgoblin zombies
  15 kobolds
  2 kobold zombies (Ossuary)
  2 orc skeletons
  15 orc zombies
  A quokka zombie (D:5)
  8 rats
  A butterfly (Lair:3)
  9 fungi
  3 plants
474 creatures vanquished.

Vanquished Creatures (others)
  An orc (D:8)
  13 fungi
  8 plants (Lair:3)
22 creatures vanquished.

Grand Total: 496 creatures vanquished

Notes
Turn   | Place    | Note
--------------------------------------------------------------
     0 | D:1      | HungrySpirit the Minotaur Fighter began the quest for the Orb.
     0 | D:1      | Reached XP level 1. HP: 19/19 MP: 0/0
   148 | D:1      | Reached XP level 2. HP: 26/26 MP: 1/1
   368 | D:1      | You fall through a shaft!
   485 | D:1      | Reached skill level 4 in Axes
   598 | D:1      | Reached XP level 3. HP: 31/31 MP: 2/2
   924 | D:2      | Reached skill level 5 in Axes
  1074 | D:2      | Reached XP level 4. HP: 37/39 MP: 3/3
  1281 | D:2      | Found a shattered altar of Ashenzari.
  1281 | D:2      | Found a deep blue altar of Sif Muna.
  1903 | D:3      | Noticed Jessica
  1909 | D:3      | Killed Jessica
  1909 | D:3      | Reached skill level 6 in Axes
  2043 | D:3      | Reached XP level 5. HP: 43/45 MP: 4/4
  2057 | D:3      | Noticed Ijyb
  2076 | D:3      | Killed Ijyb
  2098 | D:3      | Reached skill level 7 in Axes
  2376 | D:4      | Found a sand-covered staircase.
  2409 | Ossuary  | Entered an ossuary
  2504 | Ossuary  | Noticed a wraith
  2504 | Ossuary  | Noticed a flying skull
  2511 | Ossuary  | Noticed a flying skull
  2535 | Ossuary  | Noticed a flying skull
  2542 | Ossuary  | Noticed a wraith
  2553 | Ossuary  | Killed a wraith
  2553 | Ossuary  | Reached skill level 8 in Axes
  2553 | Ossuary  | Reached XP level 6. HP: 22/51 MP: 5/5
  2716 | Ossuary  | Noticed a flying skull
  3018 | Ossuary  | Noticed a wraith
  3022 | Ossuary  | Killed a wraith
  3022 | Ossuary  | Reached skill level 9 in Axes
  3022 | Ossuary  | Reached XP level 7. HP: 52/57 MP: 6/6
  3647 | D:4      | Noticed Natasha
  3653 | D:4      | Killed Natasha
  3900 | D:5      | Entered Level 5 of the Dungeon
  4136 | D:5      | Reached skill level 10 in Axes
  4185 | D:5      | Noticed Pikel
  4208 | D:5      | Killed Pikel
  4208 | D:5      | Reached skill level 12 in Axes
  4208 | D:5      | Reached XP level 8. HP: 35/64 MP: 7/7
  4382 | D:5      | Found an ancient bone altar of Kikubaaqudgha.
  4383 | D:5      | Found a blossoming altar of Fedhas.
  4384 | D:5      | Found a sacrificial altar of Ru.
  4480 | D:5      | Found a shadowy altar of Dithmenos.
  5066 | D:6      | Noticed Grinder
  5072 | D:6      | Paralysed by Grinder for 4 turns
  5079 | D:6      | Killed Grinder
  5637 | D:6      | Reached skill level 1 in Dodging
  6139 | D:6      | Reached skill level 13 in Axes
  6222 | D:7      | Reached XP level 9. HP: 58/72 MP: 8/8
  6555 | D:7      | Found a staircase to the Ecumenical Temple.
  6596 | D:7      | Reached skill level 5 in Fighting
  6643 | D:7      | Reached skill level 5 in Armour
  7048 | Temple   | Entered the Ecumenical Temple
  7055 | Temple   | Became a worshipper of Warmaster Okawaru
  7221 | D:8      | Noticed Joseph
  7247 | D:8      | Killed Joseph
  7262 | D:8      | Noticed Maurice
  7263 | D:8      | Reached * piety under Okawaru
  7507 | D:8      | Killed Maurice
  7567 | D:8      | Reached skill level 14 in Axes
  7761 | D:8      | Found Muosk's Armour Emporium.
  8331 | D:9      | Reached XP level 10. HP: 83/83 MP: 9/9
  8367 | D:9      | Reached ** piety under Okawaru
  8402 | D:9      | Reached skill level 5 in Dodging
  8796 | D:9      | You fall through a shaft for 3 floors!
  8804 | D:12     | Noticed a purple ugly thing
  8825 | D:12     | Killed a purple ugly thing
  8894 | D:12     | Noticed a hill giant
  8905 | D:12     | Killed a hill giant
  8905 | D:12     | Reached *** piety under Okawaru
  8964 | D:13     | Noticed Maud
  8982 | D:13     | Killed Maud
  8982 | D:13     | Reached **** piety under Okawaru
  8982 | D:13     | Reached skill level 15 in Axes
  9463 | D:12     | Reached XP level 11. HP: 82/94 MP: 10/10
  9599 | D:12     | Killed an unseen horror
 10259 | D:11     | Reached ***** piety under Okawaru
 10306 | D:11     | Found a staircase to the Orcish Mines.
 10737 | D:11     | Paralysed by a wasp for 3 turns
 10804 | D:11     | Received a gift from Okawaru
 10824 | D:11     | Reached skill level 16 in Axes
 10889 | D:10     | Entered Level 10 of the Dungeon
 11520 | D:10     | Found Hihotwec's Assorted Antiques.
 11856 | D:10     | Found Oran's Jewellery Shop.
 11916 | D:10     | Found a portal to a secret trove of treasure.
 11920 | Trove    | Entered a treasure trove
 12068 | D:10     | Found Gydusyxi's Armour Emporium.
 12074 | D:10     | Bought the +2 cloak of Starlight {rElec rC+ EV+4 Stlth--} for 742 gold pieces
 12312 | D:10     | Found a staircase to the Lair.
 12424 | D:10     | Noticed Snorg
 12435 | D:10     | Killed Snorg
 12518 | D:10     | Found Gopyuwasche's Armour Boutique.
 12628 | D:10     | Bought a flickering steel ring for 190 gold pieces
 12628 | D:10     | Bought a scroll of identify for 76 gold pieces
 12628 | D:10     | Bought a potion of heal wounds for 190 gold pieces
 12628 | D:10     | Bought a potion of curing for 114 gold pieces
 12628 | D:10     | Bought an ichor-stained war axe for 323 gold pieces
 12628 | D:10     | Identified the ring "Nagoxtut" {rPois Dex+3} (You bought it in a shop on level 10 of the Dungeon)
 12629 | D:10     | Identified the +9 war axe "Goblinbane" {freeze, rC+ Str+3} (You bought it in a shop on level 10 of the Dungeon)
 12668 | Lair:1   | Entered Level 1 of the Lair of Beasts
 12829 | Lair:1   | Reached XP level 12. HP: 78/106 MP: 11/11
 12989 | Lair:1   | Reached skill level 10 in Fighting
 13011 | Lair:1   | Reached skill level 17 in Axes
 13025 | Lair:1   | Reached skill level 10 in Armour
 13040 | Lair:1   | Received a gift from Okawaru
 13059 | Lair:1   | Received a gift from Okawaru
 13424 | Lair:2   | Found a basalt altar of Yredelemnul.
 13629 | Lair:2   | Noticed Nergalle
 13631 | Lair:2   | Noticed Gastronok
 13654 | Lair:2   | Killed Gastronok
 13667 | Lair:2   | Killed Nergalle
 13843 | Lair:2   | Received a gift from Okawaru
 13846 | Lair:2   | Reached skill level 18 in Axes
 13846 | Lair:2   | Reached XP level 13. HP: 110/116 MP: 12/12
 14260 | Lair:2   | Received a gift from Okawaru
 14498 | Lair:3   | Reached skill level 10 in Dodging
 14718 | Lair:3   | Received a gift from Okawaru
 14721 | Lair:3   | Got a slimy executioner's axe {god gift}
 14722 | Lair:3   | Identified the +6 executioner's axe of Courage {freeze, +Inv rElec Int+4 Stlth+} (Okawaru gifted it to you on level 3 of the Lair of Beasts)
 15683 | Lair:4   | Noticed Sonja
 15684 | Lair:4   | Cast into the Abyss (Sonja)
 15684 | Abyss:1  | Found a corrupted altar of Lugonu.
 15820 | Abyss:3  | Noticed a red very ugly thing
 15847 | Abyss:3  | HP: 4/116 [spatial maelstrom (2)]
 15847 | Abyss:3  | Mangled by a spatial maelstrom

Action                   |  1- 3 |  4- 6 |  7- 9 | 10-12 | 13-15 || total
-------------------------+-------+-------+-------+-------+-------++-------
Melee: War axe           |    71 |   137 |   347 |   646 |   124 ||  1325
       Battleaxe         |       |       |       |    38 |       ||    38
Invok: Heroism           |       |       |       |     7 |     1 ||     8
Evoke: Wand              |       |       |     2 |       |     5 ||     7
  Use: Potion            |       |     2 |     4 |     4 |       ||    10
       Scroll            |       |       |    18 |     8 |     6 ||    32
 Stab: Distracted        |       |       |     1 |       |       ||     1
       Invisible         |       |       |       |     5 |       ||     5
  Eat: Chunk             |       |     4 |    13 |    17 |     4 ||    38
       Bread ration      |       |     1 |       |       |       ||     1
       Fruit             |       |       |     3 |       |    11 ||    14
       Royal jelly       |       |       |     1 |       |       ||     1
       Pizza             |       |       |     1 |       |       ||     1
       Beef jerky        |       |       |       |     1 |       ||     1
